 Dungeon Crawl Stone Soup version 0.30.1-9-gdf580d7c3d (webtiles) character file.

Game seed: 17649568828784961849

1551 safid the Chiller (level 8, 0/64 HPs)
             Began as a Merfolk Ice Elementalist on Oct 3, 2023.
             Was an Initiate of Vehumet.
             Slain by a sleepcap (6 damage)
             ... on level 5 of the Dungeon.
             The game lasted 00:09:46 (5614 turns).

safid the Chiller (Merfolk Ice Elementalist)        Turns: 5614, Time: 00:09:48

Health: 0/64       AC: 10    Str:  8    XL:     8   Next: 88%
Magic:  10/16      EV: 14    Int: 16    God:    Vehumet [......]
Gold:   347        SH:  0    Dex: 15    Spells: 9/18 levels left

rFire   + . .        c - +2 whip (vamp)
rCold   x . .        (no shield)
rNeg    . . .        a - +0 robe
rPois   +            (no helmet)
rElec   +            (no cloak)
rCorr   .            i - +0 pair of gloves
SInv    .            (no boots)
Will    .....        (no amulet)
Stlth   ++           n - ring "Koss" {Fire *Corrode rElec rPois}
HPRegen 0.30/turn    (no ring)
MPRegen 0.15/turn

%: corrode self (3%)
@: ice-armoured, freezing walls
A: (nimble swimmer 2), mertail
a: Renounce Religion


You were on level 5 of the Dungeon.
You worshipped Vehumet.
Vehumet was noncommittal.
You visited 2 branches of the dungeon, and saw 6 of its levels.

You collected 347 gold pieces.

Inventory:

Hand Weapons
 c - a +2 vampiric whip (weapon)
Missiles
 q - a throwing net
Armour
 a - a +0 robe (worn)
 i - a +0 pair of gloves (worn)
Jewellery
 n - the ring "Koss" (left hand) {Fire *Corrode rElec rPois}
   (You found it on level 3 of the Dungeon)

   [ring of fire]

   It enhances your fire magic.
   rF:        It protects you from fire.
   rC:        It makes you vulnerable to cold.
   rElec:     It insulates you from electricity.
   rPois:     It protects you from poison.
   *Corrode:  It may corrode you when you take damage.
Scrolls
 d - 6 scrolls of teleportation {unknown}
 e - 4 scrolls of magic mapping {unknown}
 h - a scroll of butterflies {unknown}
 j - 2 scrolls of blinking {unknown}
 k - 3 scrolls of identify {unknown}
 l - a scroll of noise {unknown}
 m - 2 scrolls of fear {unknown}
 o - 3 scrolls of immolation {unknown}
Potions
 b - a potion of magic
 f - 2 potions of experience {unknown}
 g - 3 potions of brilliance {unknown}
 p - 2 potions of heal wounds {unknown}
 r - a potion of berserk rage {unknown}


   Skills:
 + Level 6.2 Fighting
 + Level 5.4 Dodging
 - Level 2.1 Stealth
 + Level 5.6 Spellcasting
 + Level 7.8 Ice Magic


You had 9 spell levels left.
You knew the following spells:

 Your Spells              Type           Power      Damage    Failure   Level
a - Freeze                Ice            100%       1d10      1%          1
b - Frozen Ramparts       Ice            58%        1d9       1%          3
c - Ozocubu's Armour      Ice            29%        N/A       1%          3
d - Blink                 Tloc           8%         N/A       22%         2

Your spell library contained the following spells:

 Spells                   Type           Power      Damage    Failure   Level
 Necrotise                Necr           16%        1d4       14%         1
 Summon Ice Beast         Ice/Summ       17%        N/A       28%         4
 Vampiric Draining        Necr           4%         2d6       38%         3
 Manifold Assault         Tloc           4%         N/A       80%         4
 Agony                    Necr           4%         N/A       98%         5
 Storm Form               Tmut/Air       2%         N/A       100%        7


Dungeon Overview and Level Annotations

Branches:
Dungeon (5/15)             Temple (1/1) D:4

Altars:
Elyvilon
Gozag
Makhleb
Nemelex Xobeh
Okawaru
Ru
Sif Muna
Trog
Vehumet
Wu Jian
Xom

Annotations:
D:5 1 runed translucent door, Wiggles's ghost, novice MiBe


Innate Abilities, Weirdness & Mutations

((You are very nimble when in or above water. (Stealth+, EV+, Speed+++)))
Your lower body shifts to a powerful aquatic tail in water.


Message History

Press: ? - help, Dir - look around, f - activate The walls around you are covered in ice.
The orc shouts!
The wall freezes the bullfrog!
The wall freezes the bullfrog.
The bullfrog closely misses you.
Unknown command.
Casting: Frozen Ramparts (safe; 1% risk of failure)
Confirm with . or Enter, or press ? or * to list all spells.
A film of ice covers your body!
The wall freezes the bullfrog!
The bullfrog seems to slow down.
The bullfrog misses you.
The wall freezes the adder.
The wall freezes the adder.
The adder seems to slow down.
The wall freezes the bullfrog.
You kill the bullfrog!
Vehumet accepts your kill.
The wall freezes the sleepcap.
The wall freezes the orc.
Unknown command.
You hit the adder.
You kill the adder!
Vehumet accepts your kill.
The wall freezes the orc!
You kill the orc!
Vehumet accepts your kill.
The wall freezes the iguana!
The wall freezes the ogre.
The wall freezes the sleepcap.
The sleepcap completely misses you.
You hit the sleepcap.
The sleepcap is moderately damaged.
The wall freezes the iguana.
The iguana seems to slow down.
The wall freezes the ogre but does no damage.
The wall freezes the sleepcap but does no damage.
The sleepcap releases spores at you.
You are engulfed in a cloud of soporific spores!
You fall asleep.
The wall freezes the ogre.
The ogre hits you with a +0 giant club!!!
You wake up.
Ouch! That really hurt!
* * * LOW HITPOINT WARNING * * *
The wall freezes the sleepcap.
The sleepcap releases spores at you.
You die...

...# ##...##. #..##
...# #####.. ..
#..# #..# ...#.
##.## ##.# ....
#..# #..## ...
##..# #...# #.####
#..## #..##
#.#..####..# ...#
#O'........## ..##
#@#.........### ..#
#f##..........###
..##
.l.##.....##....##
...#
.....#....#####....
...# ...#..#...##
####. #### ##..
..#...# ## ### ##.
.##...# #>
##.#########....#
#.
##...............#
#.


You could see an ogre, a sleepcap and an iguana (slow).

Vanquished Creatures
  A wyvern (D:5)
  An orc warrior (D:4)
  An ice beast (D:5)
  2 ogres (D:4)
  A phantom (D:5)
  Blork the orc (D:5)
  A bullfrog (D:5)
  4 scorpions (D:5)
  A gnoll sergeant (D:5)
  A howler monkey (D:4)
  A hound (D:5)
  2 jellies
  An orc priest (D:4)
  2 sleepcaps (D:5)
  3 orc wizards
  An iguana (D:5)
  4 gnolls
  9 adders
  A shadow imp (D:5)
  An ufetubus (D:5)
  3 worms
  4 dart slugs
  16 orcs
  3 ball pythons
  2 endoplasms
  3 giant cockroaches
  7 goblins
  5 hobgoblins
  8 jackals
  11 kobolds
  3 quokkas
  2 bats (D:1)
  6 rats
112 creatures vanquished.

Notes
Turn   | Place    | Note
-------+----------+-------------------------------------------
     0 | D:1      | safid the Merfolk Ice Elementalist began the quest for the
                  | Orb.
     0 | D:1      | Reached XP level 1. HP: 13/13 MP: 3/3
   155 | D:1      | Reached XP level 2. HP: 20/20 MP: 5/5
   165 | D:1      | Reached skill level 1 in Fighting
   434 | D:1      | Reached XP level 3. HP: 20/26 MP: 4/6
  1021 | D:2      | Reached skill level 5 in Ice Magic
  1021 | D:2      | Reached XP level 4. HP: 28/33 MP: 6/8
  1211 | D:2      | Found a burning altar of Makhleb.
  1727 | D:3      | Learned a level 3 spell: Frozen Ramparts
  1731 | D:3      | Learned a level 3 spell: Ozocubu's Armour
  1737 | D:3      | Reached XP level 5. HP: 35/39 MP: 2/9
  1807 | D:3      | Found a burning altar of Makhleb.
  1997 | D:3      | Found a shimmering altar of Xom.
  2167 | D:3      | Found a faded altar of an unknown god.
  2221 | D:3      | Found an iron altar of Okawaru.
  2371 | D:3      | Identified the ring "Koss" {Fire *Corrode rElec rPois}
  2581 | D:4      | Noticed an ogre
  2589 | D:4      | Killed an ogre
  2590 | D:4      | Reached XP level 6. HP: 41/47 MP: 3/11
  2749 | D:4      | Found a staircase to the Ecumenical Temple.
  2768 | Temple   | Entered the Ecumenical Temple
  2896 | D:4      | You fall into a shaft and drop 1 floor!
  2896 | D:5      | Entered Level 5 of the Dungeon
  2934 | D:5      | Noticed a wyvern
  2945 | D:5      | Killed a wyvern
  2946 | D:5      | Reached skill level 6 in Ice Magic
  3103 | D:5      | Reached XP level 7. HP: 53/54 MP: 13/13
  3318 | D:4      | Learned a level 2 spell: Blink
  3663 | D:4      | Reached skill level 5 in Fighting
  3898 | D:4      | Reached skill level 7 in Ice Magic
  3898 | D:4      | Reached XP level 8. HP: 62/62 MP: 9/15
  4061 | D:5      | Noticed Wiggles's ghost (novice MiBe)
  4061 | D:5      | Found a runed translucent door.
  4129 | D:5      | Reached skill level 5 in Spellcasting
  4428 | D:5      | Found a radiant altar of Vehumet.
  4452 | D:5      | Became a worshipper of Vehumet
  4467 | D:5      | Noticed Blork the orc
  4485 | D:5      | Killed Blork the orc
  5231 | D:5      | Reached skill level 5 in Dodging
  5614 | D:5      | Slain by a sleepcap

Illustrated notes

Levels and vault maps discovered:
D:1:      eino_arrival_cavern_d, layout_loops_ring
D:2:      layout_rooms, basic_altar, minmay_increasing_density
D:3:      layout_basic, old_standard_altar, mainiacjoe_overflow_alcove_4,
          nicolae_overflow_hidden_temple,
          shapermc_ecumenical_altar_totnotflames, minivault_14,
          kennysheep_generic_room_12
D:4:      layout_rooms, minmay_temple_entry_drinking_statues, serial_park_tiny_2
D:5:      minmay_octagon_keep, layout_layer_cave, mainiacjoe_overflow_24_doors,
          hellmonk_ghost_happy_afterlife, uniq_blork_the_orc
Temple:   hellmonk_temple_beads

Skill      XL: |  1  2  3  4  5  6  7  8 |
---------------+-------------------------+-----
Fighting       | 1 2 3 4 5 6 |  6.2
Ice Magic      | 5 6 7 |  7.8
Spellcasting   | 3 4 5 |  5.6
Dodging        | 3 5 |  5.4
Stealth        | |  2.1

Action                     |  1- 3 |  4- 6 |  7- 9 || total
---------------------------+-------+-------+-------++-------
  Melee: Whip              |    68 |    85 |   142 ||   295
         Punch             |       |     2 |     2 ||     4
   Cast: Freeze            |    28 |    19 |     9 ||    56
         Frozen Ramparts   |       |     7 |    21 ||    28
         Ozocubu's Armour  |       |     4 |    14 ||    18
   Stab: Sleeping          |     1 |     2 |     1 ||     4
 Armour: Robe              |    14 |    18 |    44 ||    76
  Dodge: Dodged            |    72 |    66 |   106 ||   244
